 Dungeon Crawl Stone Soup version 0.28-a0-577-gb193047a1f (webtiles) character file.

Game seed: 9189533839947191060

24 funkygono the Magician (level 3, -3/25 HPs)
             Began as a Djinni Fire Elementalist on Oct 2, 2021.
             Slain by Terence (11 damage)
             ... on level 2 of the Dungeon.
             The game lasted 00:01:49 (1144 turns).

funkygono the Magician (Djinni Fire Elementalist)   Turns: 1144, Time: 00:01:49

Health: -3/25      AC:  2    Str:  7    XL:     3   Next: 15%
Gold:   18         EV: 12    Int: 17    God:
                   SH:  0    Dex: 13

rFire   + + .      SeeInvis .   e - +0 mace
rCold   x . .      Faith    .   (no shield)
rNeg    . . .      Spirit   .   a - +0 robe
rPois   ∞          Reflect  .   (no helmet)
rElec   .          Harm     .   (no cloak)
rCorr   .          Rampage  .   (no gloves)
Will    .....                   (boots unavailable)
Stlth   ++........              (no amulet)
HPRegen 0.08/turn               (no ring)
MPRegen 0.00/turn               (no ring)

@: flying, very slightly contaminated
A: sickness immunity, fire resistance 2, cold vulnerability 1, float, innate
caster, hp casting, extra vitality 1
a: no special abilities


You were on level 2 of the Dungeon.
You visited 1 branch of the dungeon, and saw 2 of its levels.

You collected 18 gold pieces.

Inventory:

Hand Weapons
 e - a +0 mace (weapon)
Missiles
 d - 58 stones
Armour
 a - a +0 robe (worn)
Scrolls
 b - a scroll of silence {unknown}
 c - a scroll of identify {unknown}
 g - a scroll of blinking {unknown}
 i - a scroll of acquirement {unknown}
 j - a scroll of enchant weapon {unknown}
Potions
 f - a potion of heal wounds
 h - a potion of curing {unknown}


   Skills:
 + Level 2.3 Dodging
 + Level 1.7 Stealth
 + Level 3.1 Spellcasting


You couldn't memorise any spells.
You knew the following spells:

 Your Spells              Type           Power      Damage    Failure   Level
a - Foxfire               Conj/Fire      52%        2x1d6     4%          1
b - Scorch                Fire           26%        2d6       7%          2
c - Conjure Flame         Conj/Fire      13%        6-21      14%         3
d - Inner Flame           Hex/Fire       13%        N/A       14%         3
e - Flame Wave            Conj/Fire      13%        3d5       43%         4
f - Pain                  Necr           52%        1d6       4%          1
Your spell library was empty.

Dungeon Overview and Level Annotations

Branches:
Dungeon (2/15)

Altars:

Annotations:
D:2 Terence


Innate Abilities, Weirdness & Mutations

You are immune to sickness and miasma.
You are immune to poison.
Your flesh is very heat resistant. (rF++)
You are vulnerable to cold. (rC-)
You float through the air rather than walking.
You learn spells naturally, not from books.
Your magical power is your life essence.
You have superior vitality. (+4 HP)


Message History

You conjure some foxfire!
Casting: Foxfire (safe; 4% risk of failure)
Confirm with . or Enter, or press ? or * to list all spells.
You conjure some foxfire!
The foxfire hits Terence.
Terence resists.
Terence is moderately wounded.
The foxfire hits Terence but does no damage.
Terence is moderately wounded.
Casting: Foxfire (safe; 4% risk of failure)
Confirm with . or Enter, or press ? or * to list all spells.
You miscast Foxfire.
You are very lightly contaminated with residual magic.
Nothing appears to happen.
The foxfire hits Terence.
Terence completely resists.
Terence is moderately wounded.
The foxfire hits Terence.
Terence resists.
Terence is heavily wounded.
Terence hits you with a +0 mace.
Casting: Foxfire (safe; 4% risk of failure)
Confirm with . or Enter, or press ? or * to list all spells.
Aiming: Pain (safe; 4% risk of failure)
Press: ? - help, Shift-Dir - straight line, f - Terence
Aim: Terence, wielding a +0 mace and wearing a +1 scale mail of fire resistance (heavily wounded, chance to affect: 77%) Terence writhes in agony.
Terence drinks a potion.
Terence is healed!
Unknown command.
Casting: Pain (safe; 4% risk of failure)
Confirm with . or Enter, or press ? or * to list all spells.
You conjure some foxfire!
Terence closely misses you.
Casting: Foxfire (safe; 4% risk of failure)
Confirm with . or Enter, or press ? or * to list all spells.
You conjure some foxfire!
The foxfire hits Terence.
Terence resists.
Terence is lightly wounded.
The foxfire hits Terence.
Terence completely resists.
Terence is lightly wounded.
Terence closely misses you.
The foxfire hits Terence but does no damage.
Terence is lightly wounded.
The foxfire hits Terence but does no damage.
Terence is lightly wounded.
Terence hits you with a +0 mace!
You die...

..####.#...# ..#
§......#...## ..#.. ...
...###....>.# #.#.. ...
#...........# #.#.# ....
#...........###.#.<
.....
#............##.#.##....
#######.####....#....###
#.#....##.#@.....#
#....#.##.@....#
......#####§§#### ......
#..... #..........
#..#..<. #..........#
#..#..... #......# #..#
.... .... #..# #... ...
#.>. ##. . #.#


You could see Terence.

Vanquished Creatures
  4 ball pythons
  2 bats (D:1)
  5 endoplasms
  2 giant cockroaches
  A goblin (D:1)
  A hobgoblin (D:2)
  A quokka (D:2)
  A frilled lizard (D:1)
  4 rats
21 creatures vanquished.

Vanquished Creatures (others)
  74 foxfires
74 creatures vanquished.

Grand Total: 95 creatures vanquished

Notes
Turn   | Place    | Note
-------+----------+-------------------------------------------
     0 | D:1      | funkygono the Djinni Fire Elementalist began the quest for
                  | the Orb.
     0 | D:1      | Reached XP level 1. HP: 15/15 MP: 0/0
   335 | D:1      | Found a faded altar of an unknown god.
   452 | D:1      | Reached XP level 2. HP: 20/21 MP: 0/0
   742 | D:1      | Reached skill level 3 in Spellcasting
   939 | D:2      | Reached XP level 3. HP: 23/25 MP: 0/0
   939 | D:2      | Learned a level 1 spell: Pain
  1127 | D:2      | Noticed Terence
  1144 | D:2      | Slain by Terence

Illustrated notes

Levels and vault maps discovered:
D:1:      amcnicky_arrival_double_pillar, layout_loops_cross,
          shapermc_ecumenical_altar_petra
D:2:      layout_basic, uniq_terence

Skill      XL: |  1  2 |
---------------+-------+-----
Spellcasting   | 3 |  3.1
Dodging        | |  2.3
Stealth        | |  1.7

Action                   || total
-------------------------++-------
 Cast: Foxfire           ||    43
       Pain              ||     2
Dodge: Dodged            ||     2

Table legend: (Time is in decaauts)
 A = Elapsed time spent in this place.
 B = Non-inter-level travel time spent in this place.
 C = Inter-level travel time spent in this place.
 D = Time resting spent in this place.
 E = Time spent auto-exploring this place.
 F = Levels seen in this place.
 G = Mean time per level.
                   A        B        C        D        E       F      G
               +--------+--------+--------+--------+--------+-----+--------+
         Total |   1143 |   1124 |     19 |      0 |    970 |   2 |  571.5 |
       Dungeon |   1143 |   1124 |     19 |      0 |    970 |   2 |  571.5 |
               +--------+--------+--------+--------+--------+-----+--------+

Top non-repeatable levels by time:
     D:1: 836 daAuts
     D:2: 306 daAuts
